 Dungeon Crawl Stone Soup version 0.28-a0-612-gcfc00ec14d (webtiles) character file.

Game seed: 1181207954179924568

0 spiderkeys the Ducker (level 1, 0/13 HPs)
             Began as a Deep Elf Abyssal Knight on Oct 5, 2021.
             Was a Follower of Lugonu.
             Killed from afar by an ancient lich (13 damage)
             ... with a bolt of acid
             ... while petrified by an ancient lich
             ... on level 2 of the Abyss.
             The game lasted 00:00:56 (221 turns).

spiderkeys the Ducker (Deep Elf Abyssal Knight)      Turns: 221, Time: 00:00:56

Health: 0/13       AC:  3    Str: 10    XL:     1   Next: 0%
Magic:  4/4        EV:  2    Int: 14    God:    Lugonu [*.....]
Gold:   30         SH:  0    Dex: 15    Spells: 0/0 levels left

rFire   . . .      SeeInvis .   a - +1 short sword
rCold   . . .      Faith    .   (no shield)
rNeg    + + +      Spirit   .   b - +0 leather armour
rPois   ∞          Reflect  .   (no helmet)
rElec   .          Harm     .   (no cloak)
rCorr   .          Rampage  .   (no gloves)
Will    .....                   (no boots)
Stlth   +.........              (no amulet)
HPRegen 0.04/turn               (no ring)
MPRegen 0.09/turn               (no ring)

@: petrified
A: no striking features
a: Renounce Religion, Depart the Abyss


You were on level 2 of the Abyss.
You worshipped Lugonu.
Lugonu was aware of your devotion.
You visited 0 branches of the dungeon, and saw 0 of its levels.
You visited the Abyss 1 time.

You collected 30 gold pieces.


   Skills:
 + Level 2.4 Fighting
 + Level 2.0 Short Blades
 + Level 0.7 Armour
 + Level 2.4 Dodging
 + Level 2.0 Invocations


You couldn't memorise any spells.
You didn't know any spells.
Your spell library contained the following spells:

 Spells                   Type           Power      Damage    Failure   Level
 Ensorcelled Hibernation  Hex/Ice        0%         N/A       52%         2
 Tukima's Dance           Hex            0%         N/A       75%         3

Inventory:

Hand Weapons
 a - a +1 short sword (weapon)
Missiles
 c - 7 arrows
 f - 18 stones
Armour
 b - a +0 leather armour (worn)
Scrolls
 e - a scroll of blinking {unknown}
Potions
 d - a potion of attraction {unknown}

Dungeon Overview and Level Annotations

Branches:
Dungeon (0/15)

Altars:

...... ..#.......#
#.#..##........ .
#............## #.
#§..##...#... ###.. #
#§..#.##.#.....#...
#.#.......#..........
#...##.L..[......#...
#.#.#...#..#......##..
#..>@....... ..#.....
.......###[..........#..
....... #.........#... .
#.##... #####..#... . ..
. #.... #.#.........
#.).. #.##.........
##... #. #..#..X##. #...
. #.. ..# #


You could see an ancient lich (fast).


Message History

🤖 Initializing magus.rc ...
Options error: Delay interrupt name "hungry" not recognised. (~/.crawlrc:4988) ✅ Successfully initialized magus.rc [v1.9.10] Welcome, spiderkeys the Deep Elf Abyssal Knight.
Will you be the one to retrieve the fabled Orb of Zot from the depths?
Lugonu says: Depart the Abyss and spread corruption, my servant! (use the ability menu to exit the Abyss) Press ? for a list of commands and other information.
Found a corrupted altar of Lugonu.
Found a viscous altar of Jiyva.
Found a gateway leading out of the Abyss.
c - 7 arrows
There is a viscous altar of Jiyva here.
There is a viscous altar of Jiyva here.
You pick up a book of Maledictions and begin reading...
You add the spells Ensorcelled Hibernation and Tukima's Dance to your library.
You now have 11 gold pieces.
d - a smoky sapphire potion
Found an ancient bone altar of Kikubaaqudgha.
You now have 17 gold pieces (gained 6).
You now have 30 gold pieces (gained 13).
Found a gateway leading out of the Abyss.
e - a scroll labelled KIVUTE YNANIC A tentacled starspawn comes into view.
A tentacle flies out from the starspawn's body!
A starspawn tentacle comes into view.
Found a gateway leading deeper into the Abyss.
f - 18 stones A tentacled starspawn is nearby!
There is a gateway leading deeper into the Abyss here.
You plunge deeper into the Abyss.
An ancient lich comes into view.
The ancient lich shouts!
A large abomination comes into view.
Found a gateway leading deeper into the Abyss.
The ancient lich casts a spell at you.
You are slowing down.
Your limbs are stiffening.
The ancient lich casts a spell.
The ancient lich seems to speed up.
You have turned to stone.
The ancient lich gestures at you while chanting.
The bolt of acid hits you!!
Ouch! That really hurt!
You die...

Levels and vault maps discovered:
Abyss:2:  base: Temple, hangedman_relentless_pull, patterned_corridor,
          minivault_13

Notes
Turn   | Place    | Note
-------+----------+-------------------------------------------
     0 | Abyss:1  | spiderkeys the Deep Elf Abyssal Knight began the quest for
                  | the Orb.
     0 | Abyss:1  | Reached XP level 1. HP: 13/13 MP: 4/4
     0 | Abyss:1  | magus.rc [v1.9.10]
     0 | Abyss:1  | Found a viscous altar of Jiyva.
   104 | Abyss:1  | You pick up a book of Maledictions and begin reading...
   104 | Abyss:1  | You add the spells Ensorcelled Hibernation and Tukima's
                  | Dance to your library.
   145 | Abyss:1  | Found an ancient bone altar of Kikubaaqudgha.
   175 | Abyss:1  | Noticed a tentacled starspawn
   208 | Abyss:2  | Noticed an ancient lich
   209 | Abyss:2  | Noticed a large abomination
   221 | Abyss:2  | Killed from afar by an ancient lich

Vanquished Creatures (others)
  2 starspawn tentacles (Abyss:1)
2 creatures vanquished.

Table legend:
 A = Non-vault XP
 B = Vault XP
 C = Vault XP percentage of total XP
 D = Non-vault monster count
 E = Vault monster count
 F = Vault count percentage of total count
                 A         B        C        D         E       F
            +---------+---------+-------+---------+---------+-------
      Total |       0 |       0 |   N/A |       0 |       0 |  -nan
            +---------+---------+-------+---------+---------+-------
            +---------+---------+-------+---------+---------+-------

Illustrated notes

Table legend: (Time is in decaauts)
 A = Elapsed time spent in this place.
 B = Non-inter-level travel time spent in this place.
 C = Inter-level travel time spent in this place.
 D = Time resting spent in this place.
 E = Time spent auto-exploring this place.
 F = Levels seen in this place.
 G = Mean time per level.
                   A        B        C        D        E       F      G
               +--------+--------+--------+--------+--------+-----+--------+
         Total |    221 |    221 |      0 |      0 |    167 |   2 |  110.5 |
         Abyss |    221 |    221 |      0 |      0 |    167 |   2 |  110.5 |
               +--------+--------+--------+--------+--------+-----+--------+

Top non-repeatable levels by time:
 Abyss:1: 200 daAuts
 Abyss:2: 21 daAuts
